[ PARTIDA AOE2 · #484096079 ]
UnrankedRomanos vs Shu
[ ANÁLISIS DE REPETICIÓN · EXTRAÍDO DE LA PARTIDA GRABADA ]
Feudal
—
Castillos
—
Imperial
—
| APM promedio | 15.0 |
| APM pico | 24 |
| eAPM promedio | 12.0 |
| Aldeanos / militares | 5 / 0 |
Foco
⚔️ 0.0% · 🌾 100.0%
Feudal
—
Castillos
—
Imperial
—
| APM promedio | 21.0 |
| APM pico | 30 |
| eAPM promedio | 10.2 |
| Aldeanos / militares | 4 / 0 |
Foco
⚔️ 0.0% · 🌾 100.0%
Feudal
—
Castillos
—
Imperial
—
| APM promedio | 46.9 |
| APM pico | 53 |
| eAPM promedio | 15.6 |
| Aldeanos / militares | 5 / 0 |
Foco
⚔️ 0.0% · 🌾 100.0%
Feudal
—
Castillos
—
Imperial
—
| APM promedio | 20.4 |
| APM pico | 28 |
| eAPM promedio | 11.4 |
| Aldeanos / militares | 5 / 0 |
Foco
⚔️ 0.0% · 🌾 100.0%
Feudal
—
Castillos
—
Imperial
—
| APM promedio | 362.9 |
| APM pico | 368 |
| eAPM promedio | 362.9 |
| Aldeanos / militares | 0 / 0 |
Foco
⚔️ 81.2% · 🌾 18.8%
Feudal
—
Castillos
—
Imperial
—
| APM promedio | 381.0 |
| APM pico | 397 |
| eAPM promedio | 381.0 |
| Aldeanos / militares | 0 / 0 |
Foco
⚔️ 70.8% · 🌾 29.2%
Feudal
—
Castillos
—
Imperial
—
| APM promedio | 394.8 |
| APM pico | 391 |
| eAPM promedio | 394.8 |
| Aldeanos / militares | 0 / 0 |
Foco
⚔️ 66.7% · 🌾 33.3%
Feudal
—
Castillos
—
Imperial
—
| APM promedio | 378.6 |
| APM pico | 387 |
| eAPM promedio | 378.6 |
| Aldeanos / militares | 0 / 0 |
Foco
⚔️ 53.3% · 🌾 46.7%
Mapa de la partida
Recursos al inicio + cada clic de construcción. Línea gruesa = muro · recuadro discontinuo = muro de casas detectado. 🟡 oro · ⚪ piedra · 🟢 bayas · 🔶 jabalí · ⭕ reliquia
Inputs por minuto
— 又菜又爱玩 - - Galaxie_500
Build order — 又菜又爱玩
10 acciones detectadas en el replay
| 0:03 | Crear | Villager (Male) |
| 0:03 | Crear | Villager (Male) |
| 0:04 | Crear | Villager (Male) |
| 0:04 | Crear | Villager (Male) |
| 0:04 | Crear | Villager (Male) |
| 0:06 | Investigar | Loom |
| 0:14 | Construir | House |
| 0:45 | Construir | House |
| 0:47 | Construir | House |
| 0:49 | Construir | House |
Build order — Galaxie_500
8 acciones detectadas en el replay
| 0:14 | Construir | House |
| 0:15 | Construir | House |
| 0:16 | Construir | House |
| 0:24 | Crear | Villager (Male) |
| 0:24 | Crear | Villager (Male) |
| 0:25 | Crear | Villager (Male) |
| 0:25 | Crear | Villager (Male) |
| 0:25 | Investigar | Loom |
Build order — Master_Baitor
7 acciones detectadas en el replay
| 0:01 | Crear | Villager (Male) |
| 0:01 | Crear | Villager (Male) |
| 0:01 | Crear | Villager (Male) |
| 0:02 | Construir | House |
| 0:04 | Construir | House |
| 0:06 | Crear | Villager (Male) |
| 0:06 | Crear | Villager (Male) |
Build order — MQ1
8 acciones detectadas en el replay
| 0:01 | Crear | Villager (Male) |
| 0:02 | Crear | Villager (Male) |
| 0:02 | Crear | Villager (Male) |
| 0:05 | Construir | House |
| 0:07 | Construir | House |
| 0:35 | Investigar | Loom |
| 0:37 | Crear | Villager (Male) |
| 0:37 | Crear | Villager (Male) |
Build order —
2 acciones detectadas en el replay
| 0:00 | Construir | House |
| 0:03 | Construir | House |
Build order —
2 acciones detectadas en el replay
| 0:00 | Construir | House |
| 0:03 | Construir | House |
Build order —
2 acciones detectadas en el replay
| 0:00 | Construir | House |
| 0:02 | Construir | House |
Build order —
0 acciones detectadas en el replay
Cronología de la partida
| 1:14 | Galaxie_500 · resign |
[ ANÁLISIS IA · 1 CRÉDITO ]
¿Qué pasó realmente en esta partida?
Wolo.gg analiza cada decisión: build order, eco, micro, errores típicos por bracket. Análisis personalizado por WhatsApp o Discord en 30 segundos.
Guía civ
Romanos
Guía mapa
Black Forest
Perfil
Jugador #1965063